 Dungeon Crawl Stone Soup version 0.31-a0-656-gb4d89c20fa (webtiles) character file.

Game seed: 8138975778055732717

7330 thirtiethelement the Covert (level 10, -6/68 HPs)
             Began as a Demonspawn Enchanter on Aug 30, 2023.
             Was an Elder of Sif Muna.
             Mangled by a death yak (12 damage)
             ... on level 9 of the Dungeon.
             The game lasted 00:28:19 (8420 turns).

thirtiethelement the Covert (Demonspawn Enchanter)  Turns: 8420, Time: 00:28:19

Health: -6/68      AC: 10    Str: 15    XL:     10   Next: 90%
Magic:  29/29      EV: 14    Int: 20    God:    Sif Muna [****..]
Gold:   113        SH:  0    Dex: 18    Spells: 12/22 levels left

rFire   . . .        a - +2 dagger (vamp)
rCold   . . .        (no shield)
rNeg    . . .        P - +2 robe {Will+}
rPois   .            (no helmet)
rElec   .            N - +2 cloak {rCorr}
rCorr   +            M - +2 pair of gloves
SInv    .            (no boots)
Will    +....        q - amulet of magic regeneration
Stlth   +++++        l - +6 ring of strength
HPRegen 0.31/turn    J - ring of magical power
MPRegen 0.61/turn

%: no passive effects
@: invisible
A: big brain 2, demonic magic 3, weakness stinger 1
a: Renounce Religion, Channel Magic, Forget Spell, Divine Exegesis


You were on level 9 of the Dungeon.
You worshipped Sif Muna.
Sif Muna was greatly pleased with you.
You visited 2 branches of the dungeon, and saw 11 of its levels.
You also visited: Sewer.

You collected 434 gold pieces.
You spent 321 gold pieces at shops.

Inventory:

Hand Weapons
 a - a +2 vampiric dagger (weapon)
 B - a +0 dagger of speed
 D - a +0 dagger of electrocution
 L - a +2 rapier of freezing
 O - a +2 dagger of distortion
Missiles
 i - 6 throwing nets
 n - 15 poisoned darts
Armour
 b - +0 steam dragon scales
 M - a +2 pair of gloves (worn)
 N - a +2 cloak of preservation (worn)
 P - a +2 robe of willpower (worn)
Jewellery
 l - a +6 ring of strength (left hand)
 q - an amulet of magic regeneration (around neck)
 I - an amulet of the acrobat
 J - a ring of magical power (right hand)
 K - a ring of positive energy
Wands
 r - a wand of roots (4)
 y - a wand of charming (4)
 G - a wand of mindburst (22)
Scrolls
 e - 2 scrolls of revelation
 f - 4 scrolls of teleportation
 g - a scroll of blinking {unknown}
 j - a scroll of torment {unknown}
 m - a scroll of poison
 o - 3 scrolls of vulnerability
 t - 2 scrolls of enchant weapon
 v - 2 scrolls of fog
 x - 2 scrolls of amnesia
Potions
 c - 2 potions of invisibility
 d - 6 potions of curing
 h - 2 potions of cancellation {unknown}
 k - 2 potions of attraction {unknown}
 p - 2 potions of mutation {unknown}
 s - 2 potions of brilliance {unknown}
 u - 4 potions of haste {unknown}
 w - 4 potions of degeneration
 z - a potion of magic {unknown}
 A - a potion of berserk rage {unknown}
 C - 3 potions of heal wounds
 E - 2 potions of resistance {unknown}
 F - a potion of lignification {unknown}
 H - a potion of might {unknown}


   Skills:
 + Level 2.5 Fighting
 + Level 4.4 Short Blades
 + Level 1.1 Armour
 + Level 3.7 Dodging
 + Level 10.8 Stealth
 + Level 6.9 Spellcasting
 + Level 7.1 Hexes
 + Level 5.1 Ice Magic


You had 12 spell levels left.
You knew the following spells:

 Your Spells              Type           Power      Damage    Failure   Level
a - Ensorcelled Hibernat  Hex/Ice        62%        N/A       1%          2
b - Tukima's Dance        Hex            35%        N/A       1%          3
c - Slow                  Hex            100%       N/A       1%          1
d - Cause Fear            Hex            17%        N/A       4%          4

Your spell library contained the following spells:

 Spells                   Type           Power      Damage    Failure   Level
 Confusing Touch          Hex            35%        N/A       1%          3
 Dazzling Flash           Conj/Hex       42%        N/A       7%          3
 Inner Flame              Hex/Fire       21%        N/A       7%          3
 Portal Projectile        Hex/Tloc       42%        N/A       7%          3
 Apportation              Tloc           12%        N/A       10%         1
 Necrotise                Necr           24%        1d5       10%         1
 Summon Small Mammal      Summ           24%        N/A       10%         1
 Poisonous Vapours        Pois/Air       12%        N/A       14%         2
 Anguish                  Hex/Necr       10%        N/A       22%         4
 Leda's Liquefaction      Hex/Erth       10%        N/A       22%         4
 Call Canine Familiar     Summ           6%         N/A       28%         3
 Mephitic Cloud           Conj/Pois/Air  6%         N/A       28%         3
 Vampiric Draining        Necr           6%         2d6       28%         3
 Silence                  Hex/Air        10%        N/A       52%         5
 Flame Wave               Conj/Fire      6%         2d5       67%         4
 Passage of Golubria      Tloc           6%         N/A       67%         4
 Sticky Flame             Conj/Fire      6%         2d3       67%         4
 Freezing Cloud           Conj/Ice/Air   6%         6-21      78%         5
 Fireball                 Conj/Fire      3%         3d4       95%         5
 Lehudib's Crystal Spear  Conj/Erth      3%         10d2      100%        8
 Dragon's Call            Summ           3%         N/A       100%        9


Dungeon Overview and Level Annotations

Branches:
Dungeon (10/15)            Temple (1/1) D:5            Lair (0/5) D:10
  Sewer (visited)
    Orc: D:9-12

Altars:
Ashenzari
Cheibriados
Dithmenos
Fedhas
Gozag
Hepliaklqana
Kikubaaqudgha
Makhleb
Nemelex Xobeh
Okawaru
Qazlal
Ru
Sif Muna
Trog
Uskayaw
Vehumet
Wu Jian
Xom
Yredelemnul

Shops:
D:8 **   D:9 *


Innate Abilities, Weirdness & Mutations

You have an extremely huge brain. (Int +4)
Spells you cast and wands you use may paralyse nearby enemies.
You have a small tail.


Message History

The death yak closely misses you.
The death yak attacks as it pursues you!
The death yak closely misses you.
The death yak attacks as it pursues you!
The death yak gores you!
The death yak attacks as it pursues you!
The death yak gores you!!
The death yak snorts and paws the ground.
The death yak attacks as it pursues you!
The death yak closely misses you.
There is a stone staircase leading up here.
You climb upwards.
There is a stone staircase leading down here.
You start resting.
HP restored.
This spell is dangerous to cast!
You start memorising the spell.
You continue memorising. x4
You finish memorising.
Spell assigned to 'd'.
Done exploring.
You climb downwards.
The death yak gores you but does no damage.
The death yak closely misses you.
There is a stone staircase leading up here.
The yak bellows!
The death yak gores you! The death yak gores you!!
You climb upwards.
There is a stone staircase leading down here.
Okay, then.
You fade into invisibility!
The death yak barely misses you.
You catch the helpless death yak completely off-guard!
You impale the death yak!! You tail-slap the death yak.
The death yak is moderately wounded.
The death yak gores you.
You hit the death yak but do no damage.
The death yak is moderately wounded.
The death yak gores you!!
* * * LOW HITPOINT WARNING * * *
The death yak gores you!
You die...

........#####.'.......#.'........
........# ###.......###........
###.##### ######'## #........ #.#
##..# #........ #.# #..##
##....##. #.# #.## ####.... #.#
#####'### #..... ##.#######
#.>.....### #..... #........#
#..@....'.# #.....
#.......)####.Y.Y...#.#####.....
#......(.##.'.......#.......>...
#...........#.......#######.....
#........####.......# #.....
#........# #.......# ######
#.†......# ######### ##########


You could see 2 death yaks.

Vanquished Creatures
  3 cyclopes
  Maurice (D:9)
  Psyche (D:10)
  A komodo dragon (D:7)
  A troll (D:9)
  3 yaks (D:10)
  2 vampire mosquitoes (D:6)
  3 steam dragons
  An acid dragon (D:9)
  A water moccasin (D:9)
  4 orc warriors (D:10)
  2 ice beasts
  4 ogres
  2 sky beasts
  A black bear (D:5)
  4 centaurs
  A kobold brigand (D:6)
  A phantom (D:7)
  5 bullfrogs
  2 gnoll sergeants
  2 scorpions (D:4)
  10 wights
  2 howler monkeys
  9 orc priests
  3 hounds
  A jelly (D:6)
  A sleepcap (D:6)
  5 iguanas
  Natasha (twice) (D:2)
  8 orc wizards
  A hell rat (Sewer)
  7 adders
  8 gnolls
  4 river rats (Sewer)
  A shadow imp (D:6)
  2 white imps
  2 ufetubi
  3 worms
  2 dart slugs
  29 orcs
  7 ball pythons
  9 endoplasms
  3 giant cockroaches (D:5)
  4 goblins
  7 hobgoblins
  A quokka (D:4)
  7 bats
  7 frilled lizards
  13 kobolds
  12 rats
215 creatures vanquished.

Vanquished Creatures (collateral kills)
  A wight (D:10)
1 creature vanquished.

Vanquished Creatures (others)
  A dancing weapon (D:4)
1 creature vanquished.

Grand Total: 217 creatures vanquished

Notes
Turn   | Place    | Note
-------+----------+-------------------------------------------
     0 | D:1      | thirtiethelement the Demonspawn Enchanter began the quest
                  | for the Orb.
     0 | D:1      | Reached XP level 1. HP: 13/13 MP: 3/3
   397 | D:1      | Gained mutation: You have a small tail. [demonic ancestry]
   397 | D:1      | Reached XP level 2. HP: 19/19 MP: 5/5
   400 | D:1      | Learned a level 2 spell: Ensorcelled Hibernation
   501 | D:1      | Reached skill level 1 in Short Blades
   578 | D:1      | Reached skill level 3 in Stealth
  1138 | D:2      | Noticed Natasha
  1200 | D:2      | Killed Natasha
  1201 | D:2      | Reached XP level 3. HP: 4/24 MP: 3/6
  1362 | D:2      | Found a shimmering blue altar of Sif Muna.
  1374 | D:2      | Became a worshipper of Sif Muna the Loreminder
  1444 | D:2      | Noticed Natasha
  1461 | D:2      | Killed Natasha
  1462 | D:2      | Reached XP level 4. HP: 25/31 MP: 0/7
  1749 | D:2      | Reached skill level 1 in Ice Magic
  2116 | D:3      | Found a blossoming altar of Fedhas.
  2130 | D:3      | Gained mutation: You have an unusually large brain. (Int
                  | +2) [demonic ancestry]
  2130 | D:3      | Reached XP level 5. HP: 30/36 MP: 3/8
  2353 | D:3      | Found a faded altar of an unknown god.
  2412 | D:3      | Reached skill level 4 in Stealth
  2630 | D:4      | Found a radiant altar of Vehumet.
  2662 | D:4      | Reached skill level 1 in Fighting
  2739 | D:4      | Reached XP level 6. HP: 43/43 MP: 4/10
  2760 | D:4      | Reached * piety under Sif Muna
  2786 | D:4      | Learned a level 3 spell: Tukima's Dance
  3073 | D:4      | Learned a level 1 spell: Slow
  3170 | D:4      | Gained mutation: Spells you cast may paralyse adjacent
                  | enemies. [demonic ancestry]
  3170 | D:4      | Reached XP level 7. HP: 48/48 MP: 7/11
  3432 | D:4      | Found a bloodstained altar of Trog.
  3609 | D:5      | Entered Level 5 of the Dungeon
  3634 | D:5      | Found a burning altar of Makhleb.
  3640 | D:5      | Reached skill level 5 in Stealth
  4162 | D:5      | Found a glowing drain.
  4173 | Sewer    | Entered a sewer
  4202 | Sewer    | Reached ** piety under Sif Muna
  4331 | D:5      | You fall into a shaft and drop 2 floors!
  4416 | D:6      | Reached skill level 6 in Stealth
  4422 | D:6      | Gained mutation: Spells you cast may paralyse nearby
                  | enemies. [demonic ancestry]
  4422 | D:6      | Reached XP level 8. HP: 54/54 MP: 7/13
  4982 | D:5      | Found a staircase to the Ecumenical Temple.
  4988 | Temple   | Entered the Ecumenical Temple
  5030 | D:5      | HP: 1/55 [sky beast (6)]
  5033 | D:5      | Reached skill level 7 in Stealth
  5168 | D:6      | Reached skill level 5 in Hexes
  5303 | D:6      | Reached skill level 5 in Spellcasting
  5448 | D:6      | Gained mutation: You have an extremely huge brain. (Int +4)
                  | [demonic ancestry]
  5448 | D:6      | Reached XP level 9. HP: 61/61 MP: 14/16
  5450 | D:6      | Reached *** piety under Sif Muna
  5818 | D:7      | Found a shimmering altar of Xom.
  5821 | D:7      | Reached skill level 8 in Stealth
  6021 | D:7      | Noticed a cyclops
  6026 | D:7      | Killed a cyclops
  6157 | D:7      | Reached skill level 1 in Armour
  6202 | D:7      | Found an ancient bone altar of Kikubaaqudgha.
  6433 | D:7      | Noticed a cyclops
  6436 | D:7      | Killed a cyclops
  6437 | D:7      | Reached skill level 9 in Stealth
  6556 | D:7      | Noticed a komodo dragon
  6559 | D:7      | Killed a komodo dragon
  6677 | D:8      | Gained mutation: Spells you cast and wands you use may
                  | paralyse nearby enemies. [demonic ancestry]
  6677 | D:8      | Reached XP level 10. HP: 67/67 MP: 19/19
  6789 | D:8      | Found a broken altar of Ashenzari.
  7071 | D:8      | Found Vuicefoh's General Store.
  7074 | D:8      | Found Zoppuril's Specific Store.
  7083 | D:8      | Bought a potion of degeneration for 13 gold pieces
  7083 | D:8      | Bought a +2 pair of gloves for 214 gold pieces
  7083 | D:8      | Bought a potion of heal wounds for 65 gold pieces
  7441 | D:9      | Noticed Maurice
  7450 | D:9      | Killed Maurice
  7488 | D:9      | Found Akairrir's Assorted Antiques.
  7527 | D:9      | Bought a golden potion for 29 gold pieces
  7639 | D:9      | Reached **** piety under Sif Muna
  7640 | D:9      | Reached skill level 10 in Stealth
  7824 | D:9      | Found a hazy altar of Hepliaklqana.
  7839 | D:9      | Found a stormy altar of Qazlal.
  7921 | D:10     | Entered Level 10 of the Dungeon
  7928 | D:10     | Noticed Psyche
  7939 | D:10     | Killed Psyche
  7940 | D:10     | Reached skill level 5 in Ice Magic
  7948 | D:10     | Noticed a cyclops
  8066 | D:10     | Killed a cyclops
  8277 | D:10     | Noticed a death yak
  8280 | D:10     | Found a staircase to the Lair.
  8282 | D:10     | Noticed a death yak
  8413 | D:9      | Learned a level 4 spell: Cause Fear
  8414 | D:10     | Noticed a death yak
  8420 | D:9      | Mangled by a death yak

Illustrated notes

Levels and vault maps discovered:
D:1:      giann_bridges, layout_loops_corners
D:2:      layout_basic, basic_altar, uniq_natasha
D:3:      layout_basic, fedhas_altar_2, shapermc_ecumenical_altar_gd
D:4:      layout_basic, lemuel_crystal_altar, zin_scriptorium,
          trog_butcher_becter, grunt_decor_one_mirror
D:5:      layout_basic, makhleb_heckhound_becter, minmay_temple_entry_fiery,
          portal_sewer_entry_e
D:6:      layout_loops_ring, grunt_ministairs_3
D:7:      layout_loops_corners, mainiacjoe_overflow_catch_the_wave, kb_rosetta
D:8:      layout_rooms, nicolae_ashenzari_skybound, kennysheep_mini,
          nicolae_specific_store
D:9:      layout_roguey, gammafunk_temple_overflow_pools, serial_shops, shop,
          minivault_24, uniq_maurice
D:10:     layout_big_octagon, dpeg_lair_monsters, david_orc_4, uniq_psyche
Temple:   bh_familiar_temple

Skill      XL: |  1  2  3  4  5  6  7  8  9 10 |
---------------+-------------------------------+-----
Dodging        | 2 3 |  3.7
Short Blades   | 1 2 3 4 |  4.4
Stealth        | 3 4 6 7 9 10 | 10.8
Ice Magic      | 1 2 3 4 5 |  5.1
Fighting       | 1 2 |  2.5
Spellcasting   | 3 5 6 |  6.9
Hexes          | 4 5 6 7 |  7.1
Armour         | 1 |  1.1

Action                     |  1- 3 |  4- 6 |  7- 9 | 10-12 || total
---------------------------+-------+-------+-------+-------++-------
  Melee: Dagger            |    66 |   107 |   158 |   127 ||   458
         Tailslap          |     1 |    15 |    12 |    18 ||    46
         Punch             |       |       |       |     1 ||     1
   Cast: Ensorcelled Hiber |    12 |    35 |    43 |    46 ||   136
         Tukima's Dance    |       |     1 |    11 |     9 ||    21
         Slow              |       |       |    26 |     7 ||    33
    Use: Scroll            |       |       |     8 |     5 ||    13
         Potion            |       |       |       |     1 ||     1
   Stab: Sleeping          |    12 |    24 |    43 |    21 ||   100
         Distracted        |       |     1 |       |       ||     1
         Paralysed         |       |       |    35 |    28 ||    63
         Invisible         |       |       |       |     1 ||     1
 Armour: Robe              |    15 |     9 |    15 |     1 ||    40
         Steam dragon scal |       |       |     6 |    70 ||    76
         Leather armour    |       |       |     1 |       ||     1
  Dodge: Dodged            |    37 |    53 |    68 |   111 ||   269

Table legend: (Time is in decaauts)
 A = Elapsed time spent in this place.
 B = Non-inter-level travel time spent in this place.
 C = Inter-level travel time spent in this place.
 D = Time resting spent in this place.
 E = Time spent auto-exploring this place.
 F = Levels seen in this place.
 G = Mean time per level.
                   A        B        C        D        E       F      G
               +--------+--------+--------+--------+--------+-----+--------+
         Total |   8371 |   8189 |    182 |    709 |   5248 |  12 |  697.6 |
       Dungeon |   8291 |   8109 |    182 |    709 |   5248 |  10 |  829.1 |
        Temple |      1 |      1 |      0 |      0 |      0 |   1 |    1.0 |
         Sewer |     78 |     78 |      0 |      0 |      0 |   1 |   78.0 |
               +--------+--------+--------+--------+--------+-----+--------+

Top non-repeatable levels by time:
     D:5: 1132 daAuts
     D:1: 1113 daAuts
     D:7: 989 daAuts
     D:4: 979 daAuts
     D:9: 942 daAuts
     D:2: 931 daAuts
     D:6: 847 daAuts
     D:3: 570 daAuts
     D:8: 506 daAuts
    D:10: 279 daAuts
   Sewer: 78 daAuts
  Temple: 1 daAuts
